[Event "Stay Safe Play From Home 409"]
[Site "Emanuel Lasker Arena"]
[Date "2020.08.25"]
[Round "6"]
[White "TheCHESSHOUSE"]
[Black "Ao017545"]
[Result "1-0"]
[WhiteElo "2069"]
[BlackElo "1563"]
[Annotator "NA"]
[PlyCount "77"]
[EventDate "2020.08.25"]
[EventType "swiss (blitz)"]
[TimeControl "60"]

1. d4 e5 2. c3 exd4 3. cxd4 d5 4. Nc3 Nf6 5. Nf3 Bb4 6. Bd2 Ne4 7. Nxe4 dxe4 8. Bxb4 exf3 9. exf3 Nc6 10. Qe2+ Be6 11. Bc3 O-O 12. Qd2 Re8 13. Be2 Bc4 14. O-O Rxe2 15. Qf4 Qf6 16. Qg3 Rae8 17. d5 Ne5 18. b3 Bxd5 19. f4 Qg6 20. fxe5 Qxg3 21. hxg3 Rc2 22. Rfc1 Re2 23. Bd4 c6 24. Rd1 a6 25. Rd3 Be4 26. Re3 Bd5 27. Rxe2 Bf3 28. gxf3 Rd8 29. Rd2 Re8 30. Be3 Rf8 31. f4 h6 32. Rad1 Kh8 33. Rd8 Kh7 34. Rxf8 g6 35. Rxf7+ Kg8 36. Rdd7 g5 37. Rfe7 g4 38. Rxb7 Kf8 39. Rb8+ {[%emt 0:00:00] Zaman (Lag: Av=0.95s, max=1.6s)} 1-0